Map: Abyssal Reef LE

Players

Optimus - Winner!

  • Race: Terran Terran
  • Spawn Location: 5:00

Cloudy

  • Race: Protoss Protoss
  • Spawn Location: 11:00

Event: WCS Valencia 2017

VOD

Have the link to the VOD?

Description

Time

  • Played on: July 13, 2017, 7:01 a.m.
  • Length: 7:22

All games in this series

Show
View Real Time Build Order
Export as new Build Order

Optimus Terran - Winner!

Build Orders: Reaper Expand 

Get SALT Encoding   

  12  0:00  SCV  
  13  0:12  SCV  
  14  0:17  Supply Depot  
  14  0:24  SCV  
  15  0:29  Refinery  
  15  0:38  SCV  
  16  0:45  Barracks  
  16  0:50  SCV  
  17  1:03  SCV  
  18  1:15  SCV  
  19  1:32  Orbital Command, Reaper  
  20  1:48  Command Center  
  20  1:59  Factory  
  20  2:03  SCV  
  20  2:06  Barracks Reactor  
  21  2:13  Supply Depot  
  21  2:16  SCV  
  21  2:21  Refinery  
  22  2:28  SCV  
  23  2:40  SCV  
  23  2:43  Marine x2  
  26  2:45  Starport  
  26  2:49  Widow Mine  
  28  2:52  SCV  
  29  3:00  Orbital Command  
  29  3:04  SCV  
  30  3:05  Marine x2  
  32  3:16  SCV  
  32  3:19  Widow Mine  
  35  3:21  Medivac  
  35  3:24  Marine x2  
  35  3:25  SCV  
  40  3:31  Supply Depot  
  40  3:34  SCV  
  40  3:38  SCV  
  42  3:42  Marine x2  
  42  3:46  SCV  
  42  3:47  Widow Mine  
  46  3:53  Medivac  
  46  3:54  Supply Depot  
  48  4:02  Barracks  
  48  4:06  Liberator  
  48  4:08  SCV  
  48  4:09  Marine  
  50  4:11  Marine, Barracks  
  50  4:16  Widow Mine  
  53  4:17  SCV  
  57  4:29  SCV  
  57  4:30  Marine x2  
  60  4:32  SCV  
  61  4:41  SCV  
  61  4:45  Engineering Bay  
  62  4:51  Supply Depot  
  62  4:53  Barracks Tech Lab  
  62  4:59  Barracks Reactor  
  62  5:01  Supply Depot  
  62  5:10  Barracks  
  62  5:11  Barracks  
  62  5:12  Stimpack, Widow Mine  
  62  5:13  Marine x2, SCV  
  67  5:16  SCV, Refinery  
  68  5:25  SCV  
  68  5:27  Medivac  
  68  5:28  SCV  
  72  5:31  Marine  
  72  5:32  Marine  
  72  5:33  Supply Depot  
  71  5:37  SCV  
  71  5:40  SCV  
  71  5:41  Widow Mine  
  75  5:46  Marine x3  
  78  5:54  Marine x2  
  78  5:55  SCV  
  78  5:56  Supply Depot  
  81  6:01  Medivac  
  81  6:02  SCV  
  81  6:04  Barracks Tech Lab x2, Marine x2  
  80  6:05  Marine  
  80  6:07  SCV  
  80  6:09  Refinery, Widow Mine  
  86  6:17  Marine x2  
  89  6:18  Supply Depot  
  89  6:24  Concussive Shells  
  89  6:25  Marauder  
  89  6:27  Marauder  
  89  6:30  Marauder  
  89  6:31  Marine  
  93  6:34  Medivac  
  93  6:39  Marine x2  
  95  6:43  Widow Mine  
  95  6:46  Marauder  
  99  6:49  Supply Depot  
  99  6:50  Marauder  
  101  6:55  Marine, Supply Depot  
Show
View Real Time Build Order
Export as new Build Order

Cloudy Protoss 

Build Orders: 1 Gate Expand, Oracle Opening, Phoenix Opening 

Get SALT Encoding   

  12  0:01  Probe (Chrono Boost)  
  13  0:12  Probe (Chrono Boost)  
  14  0:19  Pylon  
  14  0:22  Probe (Chrono Boost)  
  15  0:37  Probe (Chrono Boost), Gateway  
  16  0:43  Assimilator  
  16  0:48  Probe (Chrono Boost)  
  17  0:58  Probe (Chrono Boost)  
  18  1:09  Probe (Chrono Boost)  
  19  1:21  Nexus  
  19  1:31  Cybernetics Core  
  19  1:34  Probe (Chrono Boost)  
  20  1:41  Assimilator  
  20  1:45  Probe (Chrono Boost)  
  21  1:51  Pylon  
  21  1:56  Probe (Chrono Boost)  
  22  2:06  Probe (Chrono Boost)  
  23  2:09  Adept (Chrono Boost)  
  25  2:18  Probe  
  25  2:19  Stargate  
  26  2:27  Warp Gate  
  26  2:30  Probe  
  26  2:35  Probe, Adept (Chrono Boost)  
  30  2:43  Probe  
  31  2:45  Probe  
  32  2:55  Probe  
  32  2:56  Probe  
  34  3:02  Oracle (Chrono Boost)  
  37  3:06  Probe  
  37  3:07  Probe  
  39  3:17  Probe  
  39  3:19  Pylon, Probe  
  41  3:25  Gateway  
  41  3:27  Probe  
  41  3:31  Probe  
  43  3:38  Probe  
  44  3:43  Probe  
  45  3:50  Probe, Nexus  
  45  3:55  Pylon, Probe  
  47  3:58  Phoenix (Chrono Boost)  
  50  4:07  Probe  
  51  4:10  Mothership Core  
  51  4:20  Phoenix (Chrono Boost)  
  51  4:21  Probe  
  50  4:28  Pylon  
  50  4:30  Probe  
  50  4:31  Robotics Facility  
  50  4:33  Probe  
  52  4:41  Probe  
  53  4:49  Probe  
  53  4:51  Probe  
  53  5:01  Probe, Phoenix (Chrono Boost)  
  53  5:03  Probe x2  
  58  5:12  Assimilator  
  58  5:13  Probe  
  58  5:14  Probe, Assimilator  
  59  5:31  Observer (Chrono Boost), Probe  
  59  5:32  Probe  
  59  5:34  Probe  
  60  5:41  Probe  
  61  5:44  Probe  
  61  5:46  Probe  
  63  5:52  Probe  
  62  5:59  Probe  
  62  6:00  Probe  
  62  6:01  Observer (Chrono Boost)  
  62  6:02  Probe  
  65  6:09  Probe  
  67  6:12  Probe  
  67  6:13  Probe  
  67  6:14  Pylon  
  67  6:16  Forge  
  69  6:20  Probe  
  69  6:24  Probe  
  65  6:26  Twilight Council  
  65  6:30  Probe  
  66  6:35  Probe  
  66  6:37  Probe  
  68  6:40  Observer (Chrono Boost)  
  68  6:41  Phoenix (Chrono Boost)  
  68  6:47  Probe x2  
  71  6:48  Sentry  
  71  6:49  Probe, Sentry  
  78  6:55  Photon Cannon  
  78  6:59  Photon Cannon  
  78  7:09  Gateway  
  78  7:12  Gateway  
  78  7:14  Gateway  
  78  7:19  Pylon  
  78  7:21  Photon Cannon  
Tags
 
Add a new tag
Caveats
  • Supply blocks, unpowered buildings, or Contaminate may cause inaccurate times.
  • Supply counts are checked every 10 seconds.